 Dungeon Crawl Stone Soup version 0.29.1-15-g9cfb28693d (webtiles) character file.

Game seed: 17881736639925157056

9 Artool the Trooper (level 2, 16/24 HPs)
             Began as a Demonspawn Fighter on Apr 12, 2023.
             Quit the game on level 1 of the Dungeon.
             The game lasted 00:00:18 (148 turns).

Artool the Trooper (Demonspawn Fighter)              Turns: 148, Time: 00:00:19

Health: 16/24      AC:  6    Str: 16    XL:     2   Next: 3%
Magic:  2/2        EV:  8    Int:  9    God:
Gold:   6          SH:  4    Dex: 12    Spells: 1/1 levels left

rFire   . . .      SeeInvis .   a - +0 flail
rCold   . . .      Faith    .   c - +0 buckler
rNeg    . . .      Spirit   .   b - +0 scale mail
rPois   .          Reflect  .   (no helmet)
rElec   .          Harm     .   (no cloak)
rCorr   .          Rampage  .   (no gloves)
Will    .....                   (no boots)
Stlth   ..........              (no amulet)
HPRegen 0.08/turn               (no ring)
MPRegen 0.08/turn               (no ring)

@: no status effects
A: hooves 1
a: no special abilities


You were on level 1 of the Dungeon.
You visited 1 branch of the dungeon, and saw 1 of its levels.

You collected 6 gold pieces.

Inventory:

Hand Weapons
 a - a +0 flail (weapon)
Armour
 b - a +0 scale mail (worn)
 c - a +0 buckler (worn)
Scrolls
 g - a scroll of enchant armour {unknown}
 h - a scroll of blinking {unknown}
 i - a scroll of magic mapping {unknown}
Potions
 d - a potion of might
 e - a potion of brilliance {unknown}
 f - a potion of invisibility {unknown}


   Skills:
 + Level 3.2 Fighting
 + Level 2.0 Maces & Flails
 + Level 2.9 Armour
 - Level 2.6 Shields


You had one spell level left.
You didn't know any spells.
Your spell library contained the following spells:

 Spells                   Type           Power      Damage    Failure   Level
 Sandblast                Erth           0%         2d4       88%         1
 Passwall                 Tmut/Erth      0%         N/A       96%         2
 Stone Arrow              Conj/Erth      0%         3d7       99%         3


Dungeon Overview and Level Annotations

Branches:
Dungeon (1/15)

Altars:


Innate Abilities, Weirdness & Mutations

You have large cloven feet.


Message History

h - a scroll labelled LUFAHETARA No target in view!
i - a scroll labelled USUSID FUKLUT No target in view!
Found a club.
No target in view!
No target in view!
A hobgoblin and a goblin come into view.
The hobgoblin shouts!
An endoplasm comes into view.
The endoplasm quivers.
The hobgoblin hits you but does no damage.
There are monsters nearby!
You closely miss the hobgoblin.
A hobgoblin comes into view.
You block the hobgoblin's attack. x2; The goblin hits you but does no damage.
The hobgoblin shouts!
You hit the hobgoblin.
The hobgoblin is severely wounded.
The goblin closely misses you.
The hobgoblin hits you but does no damage.
You hit the hobgoblin.
You kill the hobgoblin!
You block the goblin's attack. The endoplasm freezes you.
You are frozen.
The goblin hits you but does no damage.
There are monsters nearby!
There are monsters nearby!
You hit the endoplasm.
The endoplasm is heavily wounded.
The endoplasm freezes you.
You are frozen.
The goblin hits you with a +0 dagger.
You hit the endoplasm.
You kill the endoplasm!
The goblin hits you with a +0 dagger.
You have reached level 2!
Your demonic ancestry asserts itself...
Your feet thicken and deform.
There are monsters nearby!
Are you sure you want to abandon this character and quit the game? (Confirm with "yes".)

... #....#. .....
#...##...... #....
............ ##....
#..###....## #..... .
#....## ###.... #..>.##
....... #....##
......g###########....##
......g@................
........................
##.)........#####.......
#..........#...#.......
#..........#.8.#######.
#..........#.........#.
#..........##........##
#.$....⌠....#.........'
#....#..⌠...#...<.....'


You could see a hobgoblin and a goblin.

Vanquished Creatures
  An endoplasm (D:1)
  2 hobgoblins (D:1)
  A quokka (D:1)
  3 bats (D:1)
  A rat (D:1)
8 creatures vanquished.

Notes
Turn   | Place    | Note
-------+----------+-------------------------------------------
     0 | D:1      | Artool the Demonspawn Fighter began the quest for the Orb.
     0 | D:1      | Reached XP level 1. HP: 18/18 MP: 1/1
   148 | D:1      | Gained mutation: You have large cloven feet. [demonic
                  | ancestry]
   148 | D:1      | Reached XP level 2. HP: 16/24 MP: 2/2
   148 | D:1      | Quit the game

Illustrated notes

Levels and vault maps discovered:
D:1:      wander_arrival_estate, layout_basic

Skill      XL: |  1 |
---------------+----+-----
Maces & Flails | 2 |  2.0
Fighting       | |  3.2
Armour         | |  2.9
Shields        | |  2.6

Action                   || total
-------------------------++-------
Melee: Flail             ||    18
Armor: Scale mail        ||    12
Dodge: Dodged            ||     6
Block: Buckler           ||     4
